 Dungeon Crawl Stone Soup version 0.29.1-2-gbd0b4ee654 (webtiles) character file.

Game seed: 7288500169722807265

55 DildoBatman the Conjurer (level 4, -5/29 (30) HPs)
             Began as a Formicid Conjurer on Nov 22, 2022.
             Slain by a worm (8 damage)
             ... on level 5 of the Dungeon.
             The game lasted 00:04:12 (1888 turns).

DildoBatman the Conjurer (Formicid Conjurer)        Turns: 1888, Time: 00:04:12

HP:   -5/29 (30)    AC:  3    Str: 12    XL:     4   Next: 14%
MP:   6/7           EV: 12    Int: 19    God:
Gold: 97            SH:  0    Dex: 15    Spells: 4/7 levels left

rFire   + + .      SeeInvis +   a - +0 spear
rCold   . . .      Faith    .   (no shield)
rNeg    . . .      Spirit   .   k - +1 robe of Pantheism {rF++ Dex+3}
rPois   .          Reflect  .   (helmet unavailable)
rElec   .          Harm     .   (no cloak)
rCorr   .          Rampage  .   (no gloves)
Will    .....                   (no boots)
Stlth   ++........              g - amulet of the acrobat
HPRegen 0.09/turn               (no ring)
MPRegen 0.10/turn               (no ring)

@: lethally poisoned (-5 -> -7), lightly drained
A: permanent stasis, dig shafts and tunnels, antennae 3, four strong arms
a: Dig, Shaft Self


You were on level 5 of the Dungeon.
You visited 1 branch of the dungeon, and saw 4 of its levels.

You collected 97 gold pieces.

Inventory:

Hand Weapons
 a - a +0 spear (weapon)
Missiles
 e - 26 stones
Armour
 k - the +1 robe of Pantheism (worn) {rF++ Dex+3}
   (You found it on level 2 of the Dungeon)

   Dex:       It affects your dexterity (+3).
   rF:        It greatly protects you from fire.
Jewellery
 g - an amulet of the acrobat (around neck)
 n - an amulet of faith
Scrolls
 c - 2 scrolls of fear {unknown}
 h - a scroll of enchant armour {unknown}
 l - a scroll of magic mapping {unknown}
 o - a scroll of identify {unknown}
Potions
 b - a potion of magic
 d - a potion of brilliance {unknown}
 f - a potion of haste {unknown}
 i - a potion of lignification {unknown}
 j - a potion of curing {unknown}
 m - a potion of attraction {unknown}


   Skills:
 - Level 1.7 Dodging
 - Level 2.4 Stealth
 - Level 2.1 Spellcasting
 * Level 4.9 Conjurations


You had 4 spell levels left.
You knew the following spells:

 Your Spells              Type           Power      Damage    Failure   Level
a - Searing Ray           Conj           40%        2d5       3%          2
c - Magic Dart            Conj           80%        1d7       2%          1

Your spell library contained the following spells:

 Spells                   Type           Power      Damage    Failure   Level
 Dazzling Flash           Conj/Hex       22%        N/A       19%         3
 Fulminant Prism          Conj/Hex       5%         3d7       52%         4
 Iskenderun's Mystic Bla  Conj/Tloc      11%        2d4       52%         4


Dungeon Overview and Level Annotations

Branches:
Dungeon (3/15)

Altars:
Okawaru
Qazlal
Ru
Uskayaw

Shops:
D:1 ?


Innate Abilities, Weirdness & Mutations

You cannot be hasted, slowed, berserked, paralysed or teleported.
You can dig through walls and to a lower floor.
You have a pair of large antennae on your head. (SInv)
Your four strong arms can wield two-handed weapons with a shield.


Message History

You shout for attention!
The adder bites you but does no damage. The adder bites you.
You are poisoned.
The adder poisons you! What are your orders? t - Shout!
Orders for allies: a - Attack new target. r - Retreat! s - Stop attacking. g - Guard the area. f - Follow me.
Anything else - Cancel.
You shout for attention!
You feel sick. The adder closely misses you. The adder barely misses you.
The worm misses you. The adder barely misses you.
The adder bites you but does no damage. What are your orders? t - Shout!
Orders for allies: a - Attack new target. r - Retreat! s - Stop attacking. g - Guard the area. f - Follow me.
Anything else - Cancel.
You shout for attention!
You feel sick. The adder closely misses you. The adder completely misses you.
What are your orders? t - Shout!
Orders for allies: a - Attack new target. r - Retreat! s - Stop attacking. g - Guard the area. f - Follow me.
Anything else - Cancel.
You shout for attention!
You feel sick. The adder closely misses you.
The adder bites you but does no damage. The worm bites you!
You die...

..... ....# #
.... .. ..^ ...
.. ..#. #.
.....
####.#w##....##
.......@S......
####.#.S.......
##........
#........
.........
#..###### #..#
#...


You could see a worm and 2 adders.

Vanquished Creatures
  2 adders
  A worm (D:3)
  A dart slug (D:1)
  5 endoplasms
  A giant cockroach (D:1)
  2 goblins (D:1)
  A hobgoblin (D:1)
  A jackal (D:2)
  3 kobolds
  2 quokkas
  6 ball pythons
  8 rats
33 creatures vanquished.

Notes
Turn   | Place    | Note
-------+----------+-------------------------------------------
     0 | D:1      | DildoBatman the Formicid Conjurer began the quest for the
                  | Orb.
     0 | D:1      | Reached XP level 1. HP: 13/13 MP: 3/3
   197 | D:1      | Reached XP level 2. HP: 18/19 MP: 0/5
   200 | D:1      | Learned a level 2 spell: Searing Ray
   207 | D:1      | Reached skill level 4 in Conjurations
   314 | D:1      | Found Weha's Magic Scroll Emporium.
  1040 | D:2      | Reached XP level 3. HP: 23/23 MP: 4/6
  1095 | D:2      | Identified the +1 robe of Pantheism {rF++ Dex+3}
  1677 | D:3      | Found a hide-covered altar of Uskayaw.
  1677 | D:3      | Found a stormy altar of Qazlal.
  1683 | D:3      | Found a sacrificial altar of Ru.
  1683 | D:3      | Found an iron altar of Okawaru.
  1867 | D:3      | Reached XP level 4. HP: 18/29 MP: 4/7
  1869 | D:3      | You fall into a shaft and drop 2 floors!
  1869 | D:5      | Entered Level 5 of the Dungeon
  1888 | D:5      | Slain by a worm

Illustrated notes

Levels and vault maps discovered:
D:1:      minmay_arrival_arboretum_small, layout_basic, serial_co_window_serial,
          co_window_corner_a, co_window_of_opportunity_a,
          co_window_of_opportunity_a, co_window_paths_b, co_window_corner_a,
          co_window_2corner, co_window_2corner, co_window_of_opportunity_b,
          co_window_broadway_c, co_window_paths_c, co_window_broadway_a,
          co_window_4corner_b, glass_columns_b, glass_columns_c,
          glass_columns_b, glass_columns_b, serial_shops, shop_statue
D:2:      layout_loops_ring, chequers_serial_rivers_room_a
D:3:      gammafunk_steamed_eel, layout_basic, nicolae_overflow_hidden_temple,
          gammafunk_ghost_stat_death
D:5:      layout_basic, minmay_temple_entry_nine_rooms, uniq_edmund

Skill      XL: |  1  2 |
---------------+-------+-----
Conjurations   | 4 |  4.9
Dodging        | |  1.7
Stealth        | |  2.4
Spellcasting   | |  2.1

Action                   |  1- 3 |  4- 6 || total
-------------------------+-------+-------++-------
Melee: Short sword       |    20 |       ||    20
       Punch             |     2 |       ||     2
       Spear             |    21 |       ||    21
 Cast: Magic Dart        |    33 |       ||    33
       Searing Ray       |     3 |       ||     3
 Abil: Dig               |     2 |       ||     2
       Shaft Self        |       |     1 ||     1
 Stab: Sleeping          |     5 |       ||     5
Armor: Robe              |     5 |     4 ||     9
Dodge: Dodged            |    27 |    16 ||    43
